 Dungeon Crawl Stone Soup version 0.21-a0-283-g622b906 (webtiles) character file.

793 RKaid the Chiller (level 7, 0/60 (61) HPs)
             Began as an Ogre Ice Elementalist on Sept 25, 2017.
             Was an Initiate of Cheibriados.
             Splashed by a jelly's acid (10 damage)
             ... on level 6 of the Dungeon.
             The game lasted 00:23:22 (8783 turns).

RKaid the Chiller (Ogre Ice Elementalist)           Turns: 8783, Time: 00:23:23

HP:   0/60 (61)     AC: -5    Str: 14    XL:     7   Next: 88%
MP:   14/15         EV:  4    Int: 19    God:    Cheibriados [......]
Gold: 238           SH:  0    Dex: 10    Spells: 11/17 levels left

rFire    + . .     SeeInvis .   w - -1 mace (curse)
rCold    . . .     Gourm    .   (no shield)
rNeg     . . .     Faith    .   h - +0 robe {rF+}
rPois    .         Spirit   .   (helmet restricted)
rElec    .         Reflect  .   (no cloak)
rCorr    .         Harm     .   (gloves unavailable)
MR       +....                  (boots unavailable)
Stlth    ++........             (no amulet)
HPRegen  0.20/turn              j - ring of protection from magic {MR+}
MPRegen  0.14/turn              o - -6 ring of evasion (curse)

@: corroded, very slow
A: unfitting armour, tough skin 1
a: Bend Time, Renounce Religion


You were on level 6 of the Dungeon.
You worshipped Cheibriados.
Cheibriados was noncommittal.
You were not hungry.

You visited 2 branches of the dungeon, and saw 7 of its levels.

You collected 238 gold pieces.

Inventory:

Hand Weapons
 t - a +2 dagger of venom
   (You took it off a goblin on level 2 of the Dungeon)
 w - a cursed -1 mace (weapon)
   (You found it on level 2 of the Dungeon)
 y - a +0 hunting sling
   (You took it off a goblin on level 3 of the Dungeon)
Missiles
 l - a throwing net (quivered) {=f}
 x - 137 stones
 B - 20 sling bullets
Armour
 h - a +0 robe of fire resistance (worn)
   (You found it on level 3 of the Dungeon)
Jewellery
 j - a ring of protection from magic (left hand) {MR+}
   (You found it on level 2 of the Dungeon)
 o - a cursed -6 ring of evasion (right hand)
   (You found it on level 5 of the Dungeon)
Wands
 a - a wand of flame (0/48)
   (You took it off Natasha on level 3 of the Dungeon)
 A - a wand of acid (3/15)
   (You found it on level 5 of the Dungeon)
Scrolls
 d - a scroll of fear
 i - 2 scrolls of identify
 k - 2 scrolls of magic mapping {!r}
 p - 2 scrolls of enchant weapon
 v - a scroll of amnesia
Potions
 e - 4 potions of ambrosia
 g - 3 potions of haste
 m - 6 potions of curing
 q - a potion of brilliance {unknown}
 r - 2 potions of flight {unknown}
 s - 2 potions of might
 u - a potion of heal wounds {unknown}
 z - 4 potions of lignification {!q}
 C - a potion of agility {unknown}
 D - 2 potions of invisibility
Books
 b - a book of Frost
 f - a book of Cantrips
   (You found it on level 3 of the Dungeon)
Comestibles
 c - 3 bread rations
 n - 2 meat rations


   Skills:
 + Level 0.3 Fighting
 + Level 1.8 Dodging
 - Level 1.4 Stealth
 - Level 5.9 Spellcasting
 - Level 0.8 Conjurations
 - Level 6.8 Ice Magic


You had 11 spell levels left.
You knew the following spells:

 Your Spells              Type           Power        Failure   Level  Hunger
a - Freeze                Ice            ####         1%          1    None
b - Throw Frost           Conj/Ice       ###...       3%          2    None
A - Ozocubu's Armour      Chrm/Ice       ###.....     9%          3    ##.....


Dungeon Overview and Level Annotations

Branches:
Dungeon (6/15)             Temple (1/1) D:5

Altars:
Ashenzari
Cheibriados
Dithmenos
Fedhas
Hepliaklqana
Kikubaaqudgha
Nemelex Xobeh
Okawaru
Qazlal
Ru
Sif Muna
Trog
Uskayaw
Vehumet
Wu Jian
Xom
Yredelemnul
The Shining One

Shops:
D:4 [

Annotations:
D:5 RKaid's ghost, novice DrCK


Innate Abilities, Weirdness & Mutations

You are too large for most types of armour.
You have tough skin. (AC +1)


Message History

Press: ? - help, v - describe, . - travel
Here: a shadow imp The floor.
You barely miss the shadow imp. The shadow imp hits you.
You hit the shadow imp.
The shadow imp hits you but does no damage.
The shadow imp hits you.
You closely miss the shadow imp.
The shadow imp hits you but does no damage.
You barely miss the shadow imp. The shadow imp hits you.
You closely miss the shadow imp.
The shadow imp hits you but does no damage. x2
You closely miss the shadow imp. The shadow imp hits you.
You barely miss the shadow imp. The shadow imp gestures at you.
You easily resist.
The shadow imp gestures at you.
You easily resist.
You hit the shadow imp. The shadow imp hits you.
You hit the shadow imp. The shadow imp hits you.
You hit the shadow imp but do no damage.
The shadow imp hits you.
The shadow imp hits you but does no damage.
You barely miss the shadow imp. The shadow imp gestures at you.
You easily resist.
You hit the shadow imp. The shadow imp hits you.
The shadow imp hits you but does no damage.
You closely miss the shadow imp.
The shadow imp grins evilly.
The shadow imp hits you.
You hit the shadow imp but do no damage.
The shadow imp gestures at you. Pain shoots through your body!
You barely miss the shadow imp. The shadow imp completely misses you.
The shadow imp gestures at you.
You easily resist.
You closely miss the shadow imp. The shadow imp hits you.
The shadow imp barely misses you.
Evoke which item? (* to show all) (? for menu, Esc to quit)
Aiming: Corrosive Bolt
Press: ? - help, Shift-Dir - straight line, f/p - shadow imp
Aim: a shadow imp (heavily wounded)
The bolt of acid hits the shadow imp.
The shadow imp is splashed with acid.
The acid corrodes the shadow imp!
You kill the shadow imp!
Cheibriados thoroughly appreciates the change of pace.
This wand has 3 charges left.
You start resting.
You are starving!
You're too hungry to rest.
You need to eat something NOW!
You eat one of the 4 bread rations.
That bread ration really hit the spot!
m - 6 potions of curing (gained 2)
z - 4 potions of lignification {!q} (gained 1)
Found a stone staircase leading down.
A hound skeleton comes into view.
You hit the hound skeleton. The hound skeleton bites you.
You hit the hound skeleton. The hound skeleton bites you.
The hound skeleton bites you but does no damage.
You barely miss the hound skeleton. The hound skeleton bites you.
The hound skeleton bites you but does no damage.
You hit the hound skeleton but do no damage.
The hound skeleton bites you but does no damage.
The hound skeleton bites you.
You hit the hound skeleton. The hound skeleton bites you.
The hound skeleton bites you but does no damage.
You barely miss the hound skeleton.
The hound skeleton bites you but does no damage.
The hound skeleton bites you.
You thump the hound skeleton!
You destroy the hound skeleton!
Cheibriados appreciates the change of pace.
You start resting.
Marking area around the jelly as unsafe for travelling.
A jelly comes into view.
The jelly quivers.
You see here 16 gold pieces.
You now have 238 gold pieces (gained 16).
You hit the jelly.
Your hands burn!
The jelly hits you.
You are splashed with acid!
The acid burns!
The jelly hits you.
You are splashed with acid!
The acid burns!
You barely miss the jelly. The jelly hits you.
You are splashed with acid!
The acid burns!
You hit the jelly.
Your hands burn!
The jelly hits you but does no damage. x2
You barely miss the jelly. The jelly hits you but does no damage.
The jelly completely misses you.
You hit the jelly. The acid corrodes you!
Your hands burn!
The jelly hits you. The acid corrodes you!
You are splashed with acid!
The acid burns!
The jelly hits you.
You are splashed with acid!
The acid burns!
* * * LOW HITPOINT WARNING * * *
Casting: Freeze
Confirm with . or Enter, or press ? or * to list all spells.
Aiming: Freeze
Press: ? - help, Shift-Dir - straight line, f - jelly
Aim: a jelly (moderately wounded)
You freeze the jelly. The jelly hits you.
* * * LOW HITPOINT WARNING * * *
You are splashed with acid!
The acid burns!
You die...

............. #. .#.
...##.###..## #. ..
..#.##.###..##
##.###.####.##.##..?.....
#...?....................
#..#...#....##.##.###..##
#.........# #.##. #..##
####...>###.## #.## #<.##
#.........J@.####.# .#
#..##
#.##..............##.#
#..## #.#..####.###.###.#
#..## #.#..####.###.# #.#
#..# # #...........# #.#
#..#
#...###.##..###.###..#
....# #.##...........##
........................
##.##.####.####.##


You could see a jelly.

Vanquished Creatures
  A sky beast (D:5)
  A necrophage (D:5)
  An ogre (D:6)
  A bullfrog (D:2)
  A hound (D:5)
  An orc wizard (D:3)
  An iguana (D:4)
  Natasha (thrice) (D:3)
  2 worker ants (D:4)
  2 hound skeletons
  A howler monkey zombie (D:6)
  8 adders
  3 gnolls (D:4)
  A shadow imp (D:6)
  An adder skeleton (D:4)
  3 worms
  3 dart slugs (D:1)
  A leopard gecko (D:1)
  8 orcs
  2 giant cockroaches
  10 goblins
  7 hobgoblins
  10 jackals
  2 quokkas
  A ball python (D:3)
  10 bats
  6 frilled lizards
  8 kobolds
  A quokka skeleton (D:4)
  6 rats
106 creatures vanquished.

Notes
Turn   | Place    | Note
-------+----------+-------------------------------------------
     0 | D:1      | RKaid the Ogre Ice Elementalist began the quest for the Orb.
     0 | D:1      | Reached XP level 1. HP: 16/16 MP: 3/3
   286 | D:1      | Reached skill level 3 in Ice Magic
   353 | D:1      | Reached XP level 2. HP: 14/24 MP: 0/5
   898 | D:1      | Reached XP level 3. HP: 28/31 MP: 1/7
   903 | D:1      | Reached skill level 3 in Spellcasting
  1804 | D:2      | Learned a level 2 spell: Throw Frost
  1808 | D:2      | Learned a level 3 spell: Ozocubu's Armour
  1969 | D:2      | Reached XP level 4. HP: 39/39 MP: 6/9
  1988 | D:2      | Noticed a bullfrog
  2005 | D:2      | Killed a bullfrog
  2005 | D:2      | Reached skill level 4 in Ice Magic
  2005 | D:2      | Reached XP level 5. HP: 20/45 MP: 2/10
  2201 | D:2      | Found a shimmering altar of Xom.
  2431 | D:2      | Reached skill level 4 in Spellcasting
  2857 | D:3      | Found a stormy altar of Qazlal.
  3418 | D:3      | Found a shadowy altar of Dithmenos.
  3479 | D:3      | Noticed Natasha
  3507 | D:3      | Killed Natasha
  3507 | D:3      | Reached skill level 5 in Ice Magic
  3507 | D:3      | Reached XP level 6. HP: 45/53 MP: 8/12
  3717 | D:3      | Noticed Natasha
  3723 | D:3      | Killed Natasha
  4099 | D:4      | Found Eremubua's Armour Boutique.
  4400 | D:3      | Noticed Natasha
  4406 | D:3      | Killed Natasha
  4766 | D:4      | Found a glowing golden altar of the Shining One.
  5148 | D:4      | Reached skill level 5 in Spellcasting
  5497 | D:4      | Found a sparkling altar of Nemelex Xobeh.
  5556 | D:4      | Found an ancient bone altar of Kikubaaqudgha.
  5560 | D:4      | Found a snail-covered altar of Cheibriados.
  5585 | D:5      | Entered Level 5 of the Dungeon
  5652 | D:5      | Noticed a phantom
  5822 | D:4      | Reached XP level 7. HP: 21/59 MP: 10/14
  5839 | D:4      | HP: 14/59 [poisoned by a worker ant]
  5847 | D:4      | HP: 14/59 [poisoned by a worker ant]
  6110 | D:5      | Noticed RKaid's ghost (novice DrCK)
  7054 | D:5      | Found a staircase to the Ecumenical Temple.
  7064 | D:5      | Reached skill level 6 in Ice Magic
  7380 | D:5      | Found an iron altar of Okawaru.
  7552 | Temple   | Entered the Ecumenical Temple
  7728 | Temple   | nataq: GET CHEI
  7728 | Temple   | nataq: ALWAYS PICK CHEI
  7728 | Temple   | nataq: FOLLOW THE PATH OF BIG TRUCK
  7728 | Temple   | RKaid: LOL
  7756 | Temple   | nataq: im not kidding
  7762 | Temple   | nataq: only with chei you can get 60+ str and hit for 100+ dmg with an executioners axe of chopping
  7762 | Temple   | RKaid: chei is cool, but hard
  7762 | Temple   | nataq: chei is easy
  7762 | Temple   | nataq: you just gotta BIG TRUCK it
  8099 | D:4      | Became a worshipper of Cheibriados the Contemplative
  8193 | D:6      | nataq: this is how you play chei
  8201 | D:6      | HP: 13/58 [howler monkey zombie (5)]
  8206 | D:6      | HP: 13/58 [howler monkey zombie (1)]
  8211 | D:6      | nataq: first, you go fighter with axe, chei gives you huge stat bonuses but slows you down
  8211 | D:6      | HP: 11/58 [howler monkey zombie (3)]
  8212 | D:6      | nataq: but he makes you powerfull in melee
  8212 | D:6      | nataq: and gives you SLOUCH so make sure you train invocations to 10, so you can obliterate armies of faster enemies
  8212 | D:6      | nataq: but chei is also great for casters, but it becomes apparent in endgame, when you are alredy 27 (but its easy to get 27 with chei, just TAB your way to it)
  8212 | D:6      | nataq: thanks to having 60+ str and 30+ int with chei, you can literaly cast firestorms and tornadoes in crystal plate armour
  8212 | D:6      | nataq: and still have like 40-50EV
  8212 | D:6      | nataq: BIG TRUCK
  8212 | D:6      | RKaid: yeah, but right now I'm stuck with a shitty weapon and no defense ... lol, yeah, i know chei can be very powerful!
  8494 | D:6      | Found a sacrificial altar of Ru.
  8710 | D:6      | nataq: never start games as caster, always start as fighter, preferably demonspawn fighter
  8767 | D:6      | nataq: if you gotta start as caster
  8767 | D:6      | nataq: pick wizard
  8782 | D:6      | HP: 11/60 [acid (9)]
  8783 | D:6      | Splashed by a jelly's acid

Vault maps used:
D:1:      evilmike_arrival_crescent, minivault_4, serial_bayou_lagoon_a
D:2:      old_standard_altar
D:3:      lemuel_crystal_altar, grunt_dithmenos_smoke_and_mirrors, uniq_natasha
D:4:      tso_oasis_becter, minitemple, serial_shops, nicolae_shop_statue_plus,
          minmay_misc_feat_x, grunt_decor_one_mirror,
          nemelex_lonely_heart_becter
D:5:      kennysheep_little_box, minmay_temple_entry_grid, first_bread,
          uniq_crazy_yiuf_cottage
D:6:      elyvilon_altar_4, nemelex_xobeh_ov_fountains_minmay,
          nicolae_overflow_crystal_walls, grunt_gozag_statues, led_sif_book,
          uniq_grinder
Temple:   jpeg_temple_island

Skill      XL: |  1  2  3  4  5  6  7 |
---------------+----------------------+-----
Ice Magic      | 3 4 5 6 |  6.8
Spellcasting   | 3 4 5 |  5.9
Fighting       | |  0.3
Dodging        | |  1.8
Stealth        | |  1.4
Conjurations   | |  0.8

Action                   |  1- 3 |  4- 6 |  7- 9 || total
-------------------------+-------+-------+-------++-------
Melee: Unarmed           |    37 |       |       ||    37
       Whip              |     9 |       |       ||     9
       Mace              |       |    35 |    50 ||    85
       Short sword       |       |     3 |       ||     3
       Dagger            |       |     1 |       ||     1
 Cast: Freeze            |    56 |   114 |    68 ||   238
       Ozocubu's Armour  |       |     1 |       ||     1
       Throw Frost       |       |       |     4 ||     4
Evoke: Wand              |       |       |     9 ||     9
  Use: Scroll            |       |    11 |     4 ||    15
       Potion            |       |       |     2 ||     2
 Stab: Sleeping          |     1 |       |       ||     1
  Eat: Chunk             |     3 |     9 |       ||    12
       Royal jelly       |       |     1 |       ||     1
       Fruit             |       |       |     4 ||     4
       Bread ration      |       |       |     2 ||     2
Armor: Robe              |    29 |    29 |    30 ||    88
Dodge: Dodged            |    63 |    81 |    36 ||   180

Table legend:
 A = Spawn XP
 B = Non-spawn XP
 C = Spawn XP percentage of total XP
 D = Spawn monster count
 E = Non-spawn monster count
 F = Spawn count percentage of total count
 G = Total turns spent on level
                    A         B        C        D         E        F      G
               +---------+---------+-------+---------+---------+-------+---------
         Total |       0 |    1133 |   0.0 |       0 |     106 |   0.0 |  8783
               +---------+---------+-------+---------+---------+-------+---------
           D:1 |       0 |      52 |   0.0 |       0 |      30 |   0.0 |  1786
           D:2 |       0 |     149 |   0.0 |       0 |      21 |   0.0 |  1190
           D:3 |       0 |     209 |   0.0 |       0 |      27 |   0.0 |  1070
           D:4 |       0 |     238 |   0.0 |       0 |      19 |   0.0 |  2692
           D:5 |       0 |     317 |   0.0 |       0 |       5 |   0.0 |  1164
           D:6 |       0 |     168 |   0.0 |       0 |       4 |   0.0 |   637
               +---------+---------+-------+---------+---------+-------+---------

Table legend:
 A = Turns spent in this place as a percentage of turns spent in the entire game.
 B = Non-inter-level travel turns spent in this place as a percentage of non-inter-level travel turns spent in the entire game.
 C = Inter-level travel turns spent in this place as a percentage of turns spent in this place.
 D = Turns resting spent in this place as a percentage of non-inter-level travel turns spent in this place.
 E = Turns spent auto-exploring this place as a percentage of non-inter-level travel turns spent in this place.
 F = Non-inter-level travel turns spent in this place divided by the number of levels of this place that you've seen.
                   A       B       C       D       E      F
               +-------+-------+-------+-------+-------+----------------------
         Total | 100.0 | 100.0 |   3.5 |  50.1 |  29.7 | 1211.0
       Dungeon |  97.2 |  97.5 |   3.2 |  49.4 |  30.3 | 1377.7
        Temple |   2.8 |   2.5 |  13.5 |  77.7 |   8.5 | 211.0
               +-------+-------+-------+-------+-------+----------------------

Table legend:
 A = Kills in this place as a percentage of kills in entire the game.
 B = Kills by you in this place as a percentage of kills by you in the entire game.
 C = Kills by friends in this place as a percentage of kills by friends in the entire game.
 D = Other kills in this place as a percentage of other kills in the entire game.
 E = Experience gained in this place as a percentage of experience gained in the entire game.
 F = Experience gained in this place divided by the number of levels of this place that you have seen.
                   A       B       C       D       E      F
               +-------+-------+-------+-------+-------+----------------------
         Total | 100.0 | 100.0 |   N/A |   N/A | 100.0 | 161.9
       Dungeon | 100.0 | 100.0 |   N/A |   N/A | 100.0 | 188.8
               +-------+-------+-------+-------+-------+----------------------
